 Dungeon Crawl Stone Soup version 0.30.1-8-g117510f58f (webtiles) character file.

Game seed: 13382326194854426330

53 ChiefBigBeans the Firebug (level 3, -1/26 HPs)
             Began as a Draconian Fire Elementalist on Sept 24, 2023.
             Slain by a goblin
             ... wielding a +0 dagger
             ... led by Robin
              (4 damage)
             ... on level 2 of the Dungeon.
             The game lasted 00:05:01 (1719 turns).

ChiefBigBeans the Firebug (DrFE)                    Turns: 1719, Time: 00:05:01

Health: -1/26      AC:  5    Str: 10    XL:     3   Next: 62%
Magic:  1/7        EV: 12    Int: 17    God:
Gold:   35         SH:  0    Dex: 11    Spells: 6/7 levels left

rFire   . . .        d - +0 mace
rCold   . . .        (no shield)
rNeg    . . .        (body armour unavailable)
rPois   .            (helmet restricted)
rElec   .            (no cloak)
rCorr   .            (no gloves)
SInv    .            (no boots)
Will    .....        (no amulet)
Stlth   ++           (no ring)
HPRegen 0.24/turn    (no ring)
MPRegen 0.10/turn

%: no passive effects
@: no status effects
A: AC +5, unfitting armour, cold-blooded
a: no special abilities


You were on level 2 of the Dungeon.
You visited 1 branch of the dungeon, and saw 2 of its levels.

You collected 35 gold pieces.

Inventory:

Hand Weapons
 c - a +0 club
 d - a +0 mace (weapon)
Scrolls
 b - a scroll of magic mapping {unknown}
 e - a scroll of identify {unknown}
 g - a scroll of enchant weapon {unknown}
Potions
 a - a potion of magic
 f - a potion of ambrosia


   Skills:
 - Level 1.8 Dodging
 - Level 1.9 Stealth
 + Level 2.9 Spellcasting
 - Level 1.1 Conjurations
 + Level 3.8 Fire Magic


You had 6 spell levels left.
You knew the following spells:

 Your Spells              Type           Power      Damage    Failure   Level
a - Foxfire               Conj/Fire      40%        2x1d6     6%          1

Your spell library contained the following spells:

 Spells                   Type           Power      Damage    Failure   Level
 Scorch                   Fire           30%        2d6       5%          2
 Inner Flame              Hex/Fire       9%         N/A       24%         3
 Volatile Blastmotes      Fire/Tloc      18%        2d11      24%         3
 Flame Wave               Conj/Fire      10%        2d6       54%         4


Dungeon Overview and Level Annotations

Branches:
Dungeon (2/15)

Altars:
Zin

Annotations:
D:2 Robin


Innate Abilities, Weirdness & Mutations

Your plain brown scales are hard. (AC +5)
You cannot fit into any form of body armour.
You are cold-blooded and may be slowed by cold attacks.


Message History

You hit Robin but do no damage.
Robin is lightly wounded.
The foxfire hits Robin.
Robin is lightly wounded.
The foxfire hits Robin but does no damage.
Robin is lightly wounded.
Robin throws the goblin at you! The goblin closely misses you.
You hit Robin but do no damage.
Robin is lightly wounded.
Robin roars a battlecry!
The goblin goes into a battle-frenzy!
The goblin hits you with a +0 club. Robin hits you with a +0 club.
You hear a shout! x2
You closely miss Robin. You tail-slap Robin.
Robin is lightly wounded.
The goblin completely misses you. Robin hits you with a +0 club.
The goblin barely misses you.
You hit Robin.
Robin is heavily wounded.
Robin barely misses you.
A goblin comes into view. It is wielding a +0 dagger.
The goblin hits you but does no damage.
Robin roars a battlecry!
The goblin goes into a battle-frenzy!
The goblin shouts!
You hear a shout!
You hit Robin but do no damage.
Robin is heavily wounded.
The goblin closely misses you. Robin throws the goblin at you!
The goblin hits you with a +0 club.
* * * LOW HITPOINT WARNING * * *
You hit Robin but do no damage.
Your tail-slap misses Robin.
Robin is heavily wounded.
Robin misses you. The goblin hits you with a +0 dagger.
* * * LOW HITPOINT WARNING * * *
The goblin hits you but does no damage.
You completely miss Robin. You tail-slap Robin.
Robin is severely wounded.
A goblin comes into view. It is wielding a +0 dagger. x2
Robin hits you but does no damage. The goblin hits you with a +0 dagger.
You die...

#.########...##.##.##.##.#.#.
#...................##.....
..................####.#...
#.................# #.#.#.
##.###.>.....###### #.#.#. #
#.#...#.# #..... #.#...#.#
###.## #.#.gg#.# #.#
#....@..# #.# #...)g..# #.##
#.#..†.## # #... # ##.#g#
.### #### #.## #...# ...!. #
...<.###..#...... #
#....g.g....... #
#####)#####..## #g# #


You could see Robin and 4 goblins.

Vanquished Creatures
  An adder (D:2)
  A worm (D:2)
  A dart slug (D:1)
  2 ball pythons
  4 bats
  An endoplasm (D:1)
  11 goblins
  4 hobgoblins
  A quokka (D:2)
  3 frilled lizards
  4 kobolds
  6 rats
39 creatures vanquished.

Vanquished Creatures (others)
  54 foxfires
54 creatures vanquished.

Grand Total: 93 creatures vanquished

Notes
Turn   | Place    | Note
-------+----------+-------------------------------------------
     0 | D:1      | ChiefBigBeans the Draconian Fire Elementalist began the
                  | quest for the Orb.
     0 | D:1      | Reached XP level 1. HP: 14/14 MP: 3/3
   331 | D:1      | Reached XP level 2. HP: 20/20 MP: 1/5
  1267 | D:2      | Found a glowing silver altar of Zin.
  1323 | D:2      | Reached XP level 3. HP: 23/26 MP: 4/6
  1694 | D:2      | Noticed Robin
  1719 | D:2      | Slain by a goblin

Illustrated notes

Levels and vault maps discovered:
D:1:      dpeg_arrival_solitude, layout_basic, st_stairs_1
D:2:      layout_loops_cross, basic_altar,
          shapermc_ecumenical_altar_mp_highgroup, uniq_terence, uniq_robin

Action                     || total
---------------------------++-------
  Melee: Mace              ||    50
         Unarmed           ||     4
         Club              ||     1
         Punch             ||     1
         Tailslap          ||     5
   Cast: Foxfire           ||    45
    Use: Scroll            ||     2
         Potion            ||     2
   Stab: Sleeping          ||     1
 Armour: Skin              ||    22
  Dodge: Dodged            ||    39
